 Dungeon Crawl Stone Soup version 0.20.1-1-g8b1a95d (webtiles) character file.

67 slep the Cudgeler (level 4, -4/31 HPs)
             Began as a Demonspawn Wanderer on Oct 22, 2017.
             Was an Initiate of Cheibriados.
             Killed by nerve-wracking pain
             ... invoked by an orc priest
              (13 damage)
             ... on level 2 of the Dungeon.
             The game lasted 00:13:50 (1839 turns).

slep the Cudgeler (Demonspawn Wanderer)             Turns: 1839, Time: 00:13:50

Health: -4/31      AC:  8    Str: 13    XL:     4   Next: 0%
Magic:  8/8        EV: 10    Int: 15    God:    Cheibriados [......]
Gold:   46         SH:  0    Dex: 14    Spells: 8/9 levels left

rFire    . . .     SeeInvis .   l - +0 spear
rCold    . . .     Gourm    .   (no shield)
rNeg     . . .     Faith    .   b - +0 ring mail
rPois    .         Spirit   .   (no helmet)
rElec    .         Reflect  .   (no cloak)
rCorr    .         Harm     .   (no gloves)
MR       .....                  j - +0 pair of boots
Stlth    +.........             (no amulet)
Regen    0.1/turn               (no ring)
MPRegen  0.2/turn               (no ring)

@: very slow
A: molten scales 1, powered by death 1
a: Bend Time, Renounce Religion


You were on level 2 of the Dungeon.
You worshipped Cheibriados.
Cheibriados was noncommittal.
You were hungry.

You visited 1 branch of the dungeon, and saw 2 of its levels.

You collected 46 gold pieces.

Inventory:

Hand Weapons
 d - a +0 club
 e - a +0 dagger
 l - a +0 spear (weapon)
Armour
 b - a +0 ring mail (worn)
 j - a +0 pair of boots (worn)
Scrolls
 c - 3 scrolls of teleportation
 g - a scroll of fog {unknown}
 h - 2 scrolls of remove curse {unknown}
Potions
 i - a potion of berserk rage {unknown}
 k - 3 potions of curing {unknown}
 o - 2 potions of might {unknown}
Books
 a - a book of Minor Magic

   Spells                             Type                      Level
   a - Magic Dart                     Conjuration                  1
   b - Blink                          Translocation                2
   c - Call Imp                       Summoning                    2
   d - Slow                           Hexes                        2
   e - Conjure Flame                  Conjuration/Fire             3
   f - Mephitic Cloud                 Conjuration/Poison/Air       3
Comestibles
 f - 2 bread rations
 m - a chunk of flesh
 p - 2 fruits


   Skills:
 + Level 0.6 Fighting
 + Level 3.3 Maces & Flails
 + Level 1.0 Polearms
 + Level 1.0 Armour
 + Level 1.0 Dodging
 + Level 1.7 Stealth
 + Level 3.2 Spellcasting
   Level 1.0 Hexes
   Level 1.0 Transmutations


You had 8 spell levels left.
You knew the following spells:

 Your Spells              Type           Power        Failure   Level  Hunger
a - Magic Dart            Conj           #...         38%         1    #......


Dungeon Overview and Level Annotations

Branches:
Dungeon (2/15)

Altars:
Cheibriados
Dithmenos


Innate Abilities, Weirdness & Mutations

You are partially covered in molten scales. (AC +2)
You regenerate a little health from kills.


Message History

You closely miss the orc priest.
The orc priest is heavily wounded.
The orc priest hits you but does no damage.
You closely miss the orc priest.
The orc priest is heavily wounded.
The orc priest hits you with a mace.
You hit the orc priest but do no damage.
The orc priest is heavily wounded.
The orc priest hits you with a mace.
* * * LOW HITPOINT WARNING * * *
You closely miss the orc priest.
The orc priest is heavily wounded.
The orc priest barely misses you.
You hit the orc priest.
The orc priest is almost dead.
You closely miss the orc priest.
The orc priest is almost dead.
The orc priest invokes the aid of Beogh against you.
Pain shoots through your body!
You die...

........# #..# .. .####.#.# #..##
..# ..###.#+###### #...# # #.#
.............# #...##.# #.#
.......).....# ###....#.### #.#
.............# #..o.......#####.#
.............# #.#..#.#.#.##.....
.............# #o#....#.#.##.....
.#...........# #@#....#.#.#......
...#.##...#### #.#....#.#.#......
.#.#.##...######.#......#.#......
.#.#.............#........#......
.#....#...######.#.#.#.>.........
...#.###...........#.#...#.......
...#.#...........#.......#...)...
.###.#.#.##.####.#.#.#####.....†.
...#.#.#.#..####.#.#.............


You could see an orc priest.

Vanquished Creatures
  An adder (D:2)
  A gnoll (D:1)
  A worm (D:2)
  A dart slug (D:1)
  2 orcs (D:2)
  5 bats
  7 giant cockroaches
  5 hobgoblins
  4 jackals (D:2)
  3 frilled lizards
  2 goblins
  3 kobolds
  6 rats
41 creatures vanquished.

Notes
Turn   | Place    | Note
-------+----------+-------------------------------------------
     0 | D:1      | slep the Demonspawn Wanderer began the quest for the Orb.
     0 | D:1      | slep set off with: a book of Minor Magic, a +0 ring mail, a scroll of teleportation, a +0 club, a +0 dagger, a bread ration
     0 | D:1      | Reached XP level 1. HP: 13/13 MP: 4/4
     2 | D:1      | Learned a level 1 spell: Magic Dart
   546 | D:1      | Gained mutation: You are partially covered in molten scales. (AC +2) [demonic ancestry]
   546 | D:1      | Reached XP level 2. HP: 19/19 MP: 4/6
   795 | D:1      | Reached XP level 3. HP: 24/24 MP: 7/7
  1138 | D:2      | Found a shadowy altar of Dithmenos.
  1138 | D:2      | Found a snail-covered altar of Cheibriados.
  1148 | D:2      | Became a worshipper of Cheibriados the Contemplative
  1554 | D:2      | Reached skill level 1 in Dodging
  1735 | D:2      | Reached skill level 1 in Armour
  1827 | D:2      | Reached skill level 1 in Polearms
  1827 | D:2      | Gained mutation: You regenerate a little health from kills. [demonic ancestry]
  1827 | D:2      | Reached XP level 4. HP: 16/31 MP: 8/8
  1839 | D:2      | Killed from afar by an orc priest

Skill      XL: |  1  2  3 |
---------------+----------+-----
Maces & Flails | 3 |  3.3
Dodging        | 1 |  1.0
Armour         | 1 |  1.0
Polearms       | 1 |  1.0
Fighting       | |  0.6
Stealth        | |  1.7
Spellcasting   | |  3.2
Hexes          | |  1.0
Transmutations | |  1.0

Action                   |  1- 3 |  4- 6 || total
-------------------------+-------+-------++-------
Melee: Club              |    94 |       ||    94
       Spear             |   133 |    12 ||   145
Throw: Javelin           |     8 |       ||     8
 Cast: Magic Dart        |     5 |       ||     5
  Eat: Chunk             |     3 |       ||     3
Armor: Ring mail         |   113 |     2 ||   115
Dodge: Dodged            |   134 |     4 ||   138
